 Dungeon Crawl Stone Soup version 0.31.0-2-g5a2aebc5c2 (webtiles) character file.

Game seed: 11319424985115710649

101 tilp the Sneak (level 4, 0/34 HPs)
             Began as a Gnoll Wanderer on Jan 20, 2024.
             Slain by a gnoll
             ... wielding a +0 whip
              (1 damage)
             ... on level 2 of the Dungeon.
             The game lasted 00:02:25 (1040 turns).

tilp the Sneak (Gnoll Wanderer)                     Turns: 1040, Time: 00:02:26

Health: 0/34       AC: 11    Str: 13    XL:     4   Next: 75%
Magic:  5/5        EV:  7    Int: 11    God:
Gold:   48         SH:  7    Dex: 12    Spells: 5/5 levels left

rFire   . . .        a - +2 hand axe
rCold   . . .        g - +0 kite shield
rNeg    . . .        i - +4 scale mail
rPois   .            c - +0 helmet
rElec   .            (no cloak)
rCorr   .            (no gloves)
SInv    .            (no boots)
Will    .....        (no amulet)
Stlth   ++           (no ring)
HPRegen 0.25/turn    (no ring)
MPRegen 0.09/turn

%: no passive effects
@: no status effects
A: fangs 1, strong nose, distributed training
a: no special abilities


You were on level 2 of the Dungeon.
You visited 1 branch of the dungeon, and saw 2 of its levels.

You collected 94 gold pieces.
You spent 46 gold pieces at shops.

Inventory:

Hand Weapons
 a - a +2 hand axe (weapon)
 b - a +0 short sword
Missiles
 m - 5 poisoned darts (quivered)
 q - 6 atropa-tipped darts
 r - 6 curare-tipped darts
 s - 2 boomerangs
Armour
 c - a +0 helmet (worn)
 g - a +0 kite shield (worn)
 i - a +4 scale mail (worn)
Jewellery
 k - an amulet of magic regeneration
Scrolls
 d - a scroll of fear
 e - 2 scrolls of fog {unknown}
 f - 3 scrolls of identify {unknown}
 h - a scroll of enchant armour {unknown}
 l - a scroll of summoning {unknown}
 u - a scroll of blinking {unknown}
Potions
 j - a potion of invisibility {unknown}
 n - a potion of mutation {unknown}
 o - a potion of berserk rage {unknown}
 p - a potion of resistance {unknown}
 t - a potion of curing {unknown}


   Skills:
 + Level 2.8 Fighting
 + Level 4.7 Short Blades
 + Level 1.2 Long Blades
 + Level 4.7 Axes
 + Level 1.2 Maces & Flails
 + Level 1.2 Polearms
 + Level 1.2 Staves
 + Level 1.2 Ranged Weapons
 + Level 1.2 Throwing
 + Level 1.2 Armour
 + Level 2.8 Dodging
 + Level 6.1 Stealth
 + Level 1.2 Shields
 + Level 1.2 Unarmed Combat
 + Level 1.2 Spellcasting
 + Level 1.0 Conjurations
 + Level 1.0 Hexes
 + Level 1.0 Summonings
 + Level 1.0 Necromancy
 + Level 1.0 Translocations
 + Level 1.0 Fire Magic
 + Level 1.0 Ice Magic
 + Level 1.0 Air Magic
 + Level 1.0 Earth Magic
 + Level 1.0 Alchemy
 + Level 1.4 Invocations
 + Level 2.8 Evocations
 + Level 1.1 Shapeshifting


You had 5 spell levels left.
You didn't know any spells.
Your spell library was empty.

Dungeon Overview and Level Annotations

Branches:
Dungeon (2/15)

Altars:

Shops:
D:1 *


Innate Abilities, Weirdness & Mutations

You have very sharp teeth.
Your uncanny sense of smell can sniff out nearby items.
Your experience applies equally to all skills.


Message History

You barely miss the gnoll. x2; The gnoll hits you but does no damage.
The gnoll hits you with a +0 flail. The gnoll hits you but does no damage.
Unknown command.
You hit the gnoll.
The gnoll is severely wounded.
You hit the gnoll but do no damage. You hit the gnoll.
You block the gnoll's attack. The gnoll hits you with a +0 whip.
The gnoll hits you but does no damage. The gnoll closely misses you.
You block the gnoll's attack. x2
Unknown command.
You slash the gnoll!
You kill the gnoll!
You hit the gnoll but do no damage. You completely miss the gnoll.
The gnoll hits you but does no damage. You block the gnoll's attack.
Unknown command.
You barely miss the gnoll. You hit the gnoll. x2
The gnoll hits you but does no damage. You block the gnoll's attack.
The gnoll barely misses you.
Unknown command.
You slash the gnoll!
The gnoll is severely wounded.
You barely miss the gnoll. You hit the gnoll. You block the gnoll's attack. x2
The gnoll barely misses you.
Unknown command.
You hit the gnoll.
The gnoll is severely wounded.
You hit the gnoll. You hit the gnoll but do no damage.
You block the gnoll's attack. The gnoll hits you with a +0 club.
* * * LOW HITPOINT WARNING * * *
The gnoll hits you with a +0 flail.
* * * LOW HITPOINT WARNING * * *
The gnoll hits you with a +0 flail!
* * * LOW HITPOINT WARNING * * *
You block the gnoll's attack. x2
You hit the gnoll.
The gnoll is almost dead.
You barely miss the gnoll. You hit the gnoll.
You kill the gnoll!
The gnoll hits you but does no damage. The gnoll hits you with a +0 whip.
You die...

#... ....... #...
.................
#...
..................
####
..............!...
####
..>...............
#... .......
.......... #...
......g##.........
#... #..g@#.........
#...
#.....#)..........
#...
#.###.##....#####
#...
.........#########...
##.####..............
.. #.................
## #.#..#.#.....##...
.. #..#.......#####
.. #..#.#####)#####


You could see 2 gnolls.

Vanquished Creatures
  An adder (D:2)
  6 gnolls (D:2)
  A dart slug (D:1)
  2 bats
  4 endoplasms
  2 giant cockroaches
  4 goblins
  3 hobgoblins (D:1)
  A jackal (D:1)
  2 quokkas (D:1)
  7 ball pythons
  2 frilled lizards (D:1)
  3 kobolds
  3 rats
41 creatures vanquished.

Notes
Turn   | Place    | Note
-------+----------+-------------------------------------------
     0 | D:1      | tilp the Gnoll Wanderer began the quest for the Orb.
     0 | D:1      | tilp set off with the following items: a +2 hand axe, a +0
                  | short sword, a +0 helmet, a scroll of fear, a +0 robe.
     0 | D:1      | Reached XP level 1. HP: 17/17 MP: 1/1
   159 | D:1      | Reached XP level 2. HP: 21/23 MP: 2/2
   480 | D:1      | Found Vell's Assorted Antiques.
   497 | D:1      | Bought a scroll labelled IMOIS ZOLALUSO for 16 gold pieces
   497 | D:1      | Bought a scroll labelled WESYDO SONOU for 16 gold pieces
   497 | D:1      | Bought an orange potion for 14 gold pieces
   684 | D:1      | Reached XP level 3. HP: 28/28 MP: 3/3
   746 | D:2      | Reached skill level 6 in Stealth
   746 | D:2      | Reached skill level 1 in Invocations
   756 | D:2      | Reached skill level 1 in Long Blades
   756 | D:2      | Reached skill level 1 in Maces & Flails
   756 | D:2      | Reached skill level 1 in Polearms
   756 | D:2      | Reached skill level 1 in Staves
   756 | D:2      | Reached skill level 1 in Ranged Weapons
   756 | D:2      | Reached skill level 1 in Throwing
   756 | D:2      | Reached skill level 1 in Armour
   756 | D:2      | Reached skill level 1 in Shields
   756 | D:2      | Reached skill level 1 in Unarmed Combat
   756 | D:2      | Reached skill level 1 in Spellcasting
   763 | D:2      | Reached skill level 1 in Shapeshifting
   763 | D:2      | Reached XP level 4. HP: 29/34 MP: 5/5
   779 | D:2      | Reached skill level 1 in Conjurations
   779 | D:2      | Reached skill level 1 in Hexes
   779 | D:2      | Reached skill level 1 in Summonings
   779 | D:2      | Reached skill level 1 in Necromancy
   779 | D:2      | Reached skill level 1 in Translocations
   779 | D:2      | Reached skill level 1 in Fire Magic
   779 | D:2      | Reached skill level 1 in Ice Magic
   779 | D:2      | Reached skill level 1 in Air Magic
   779 | D:2      | Reached skill level 1 in Earth Magic
   779 | D:2      | Reached skill level 1 in Alchemy
  1039 | D:2      | HP: 1/34 [gnoll/+0 flail (9)]
  1040 | D:2      | Slain by a gnoll

Illustrated notes

Levels and vault maps discovered:
D:1:      co_arrival_random_square_maze, layout_basic, serial_shops, shop,
          minmay_octomino_j4
D:2:      layout_basic, chequers_hall_statues_wall_a, minmay_goblin_kobold_house

Skill      XL: |  1  2  3  4 |
---------------+-------------+-----
Stealth        | 6 |  6.1
Invocations    | 1 |  1.4
Long Blades    | 1 |  1.2
Maces & Flails | 1 |  1.2
Polearms       | 1 |  1.2
Staves         | 1 |  1.2
Ranged Weapons | 1 |  1.2
Throwing       | 1 |  1.2
Armour         | 1 |  1.2
Shields        | 1 |  1.2
Unarmed Combat | 1 |  1.2
Spellcasting   | 1 |  1.2
Shapeshifting  | 1 |  1.1
Conjurations   | 1 |  1.0
Hexes          | 1 |  1.0
Summonings     | 1 |  1.0
Necromancy     | 1 |  1.0
Translocations | 1 |  1.0
Fire Magic     | 1 |  1.0
Ice Magic      | 1 |  1.0
Air Magic      | 1 |  1.0
Earth Magic    | 1 |  1.0
Alchemy        | 1 |  1.0
Fighting       | |  2.8
Short Blades   | |  4.7
Axes           | |  4.7
Dodging        | |  2.8
Evocations     | |  2.8

Action                     |  1- 3 |  4- 6 || total
---------------------------+-------+-------++-------
  Melee: Hand axe          |    73 |    40 ||   113
         Bite              |     8 |     3 ||    11
  Throw: Dart              |     1 |       ||     1
   Stab: Sleeping          |     6 |       ||     6
 Armour: Robe              |     6 |       ||     6
         Chain mail        |     6 |       ||     6
         Scale mail        |    43 |    36 ||    79
  Dodge: Dodged            |    19 |     9 ||    28
  Block: Kite shield       |    24 |    15 ||    39
